 Dungeon Crawl Stone Soup version 0.29.1-13-g9f3cf754e1 (webtiles) character file.

Game seed: 1149755631513839955

21 Exodus22XD the Trooper (level 2, -2/27 HPs)
             Began as a Minotaur Fighter on Feb 4, 2023.
             Was a Follower of Okawaru.
             Slain by Terence
             ... wielding a +1 falchion of electrocution
              (3 damage)
             ... on level 2 of the Dungeon.
             The game lasted 00:00:51 (806 turns).

Exodus22XD the Trooper (Minotaur Fighter)            Turns: 806, Time: 00:00:53

Health: -2/27      AC:  7    Str: 20    XL:     2   Next: 65%
Magic:  1/1        EV:  9    Int:  5    God:    Okawaru [*.....]
Gold:   48         SH:  5    Dex: 15    Spells: 1/1 levels left

rFire   . . .      SeeInvis .   a - +0 war axe
rCold   . . .      Faith    .   c - +0 buckler
rNeg    . . .      Spirit   .   b - +0 scale mail
rPois   +          Reflect  .   (helmet restricted)
rElec   .          Harm     .   (no cloak)
rCorr   .          Rampage  .   (no gloves)
Will    .....                   (no boots)
Stlth   ..........              (no amulet)
HPRegen 0.09/turn               e - +6 ring of dexterity
MPRegen 0.07/turn               i - ring of poison resistance

@: no status effects
A: horns 2, retaliatory headbutt
a: Renounce Religion, Heroism


You were on level 2 of the Dungeon.
You worshipped Okawaru.
Okawaru was aware of your devotion.
You visited 1 branch of the dungeon, and saw 2 of its levels.

You collected 48 gold pieces.

Inventory:

Hand Weapons
 a - a +0 war axe (weapon)
Armour
 b - a +0 scale mail (worn)
 c - a +0 buckler (worn)
Jewellery
 e - a +6 ring of dexterity (left hand)
 i - a ring of poison resistance (right hand)
 l - a ring of flight
Scrolls
 f - a scroll of blinking {unknown}
 g - a scroll of teleportation {unknown}
 h - 2 scrolls of fear {unknown}
 m - a scroll of fog {unknown}
Potions
 d - a potion of might
 j - a potion of invisibility {unknown}
 k - a potion of ambrosia {unknown}


   Skills:
 + Level 4.0 Fighting
 + Level 2.8 Axes
 + Level 4.0 Armour
 + Level 4.0 Shields


You had one spell level left.
You didn't know any spells.
Your spell library was empty.

Dungeon Overview and Level Annotations

Branches:
Dungeon (2/15)

Altars:
Okawaru

Annotations:
D:2 Terence


Innate Abilities, Weirdness & Mutations

You have a pair of horns on your head.
You reflexively headbutt those who attack you in melee.


Message History

You hit the hobgoblin.
The hobgoblin is lightly wounded.
The hobgoblin closely misses you.
You barely miss the hobgoblin. Your headbutt misses the hobgoblin.
The hobgoblin is lightly wounded.
The hobgoblin hits you but does no damage.
The hobgoblin hits you.
There are monsters nearby!
You barely miss the hobgoblin.
The hobgoblin is lightly wounded.
The hobgoblin barely misses you.
You slash the hobgoblin!
You kill the hobgoblin!
Okawaru accepts your kill.
Your Armour skill increases to level 4!
Okay, then.
You barely miss Terence. You block Terence's attack.
Terence bares his teeth.
Terence hits you with a +1 falchion of electrocution.
You hit Terence.
Terence is moderately wounded.
Terence hits you with a +1 falchion of electrocution.
You hit Terence but do no damage. You headbutt Terence.
Terence is moderately wounded.
Terence barely misses you. You furiously retaliate!
You headbutt Terence, but do no damage. Terence hits you but does no damage.
You slash Terence!
Terence is severely wounded.
Terence drinks a potion.
Terence is healed!
You barely miss Terence. You headbutt Terence!
Terence is severely wounded.
Terence hits you with a +1 falchion of electrocution.
Unknown command.
You hit Terence.
Terence is severely wounded.
Terence hits you with a +1 falchion of electrocution.
You are electrocuted!
* * * LOW HITPOINT WARNING * * *
Terence hits you with a +1 falchion of electrocution.
You die...

#.# ... # #.#
.# #.##. ##.#.
.# ... .# #@#
.#
#############@#
.#
#.............#
.#
#.#############
.# #.# .# #.#
.# #.# .###.#
.....# ######


You could see Terence.

Vanquished Creatures
  2 bats (D:1)
  2 endoplasms (D:1)
  2 giant cockroaches
  3 hobgoblins
  A ball python (D:1)
  7 frilled lizards (D:1)
  3 goblins (D:1)
  A kobold (D:1)
  2 rats (D:2)
23 creatures vanquished.

Notes
Turn   | Place    | Note
-------+----------+-------------------------------------------
     0 | D:1      | Exodus22XD the Minotaur Fighter began the quest for the
                  | Orb.
     0 | D:1      | Reached XP level 1. HP: 19/19 MP: 0/0
   166 | D:1      | Reached XP level 2. HP: 23/27 MP: 1/1
   656 | D:2      | Found a faded altar of an unknown god.
   665 | D:2      | Prayed at the altar of an unknown god.
   665 | D:2      | Became a worshipper of Warmaster Okawaru
   665 | D:2      | Reached * piety under Okawaru
   795 | D:2      | Noticed Terence
   806 | D:2      | HP: 1/27 [Terence/+1 falchion of electrocution (12)]
   806 | D:2      | Slain by Terence

Illustrated notes

Levels and vault maps discovered:
D:1:      dpeg_arrival_windows_large_door, layout_rooms, grunt_decor_one_mirror,
          minmay_lizard_pond
D:2:      minmay_chambers_of_twos, layout_loops_ring,
          hellmonk_ecumenical_altar_arch_garden, amcnicky_mini_corridor_feature,
          uniq_terence, uniq_crazy_yiuf_cottage

Skill      XL: |  1  2 |
---------------+-------+-----
Fighting       | 4 |  4.0
Shields        | 4 |  4.0
Armour         | 4 |  4.0
Axes           | |  2.8

Action                   || total
-------------------------++-------
Melee: War axe           ||    45
       Headbutt          ||     7
Armor: Scale mail        ||    15
Dodge: Dodged            ||    20
Block: Buckler           ||    14
